 Dungeon Crawl Stone Soup version 0.32-a0-314-g526f7d4993 (webtiles) character file.

Game seed: 5897460364502664762

110 retardedninja the Covered (level 4, -3/40 HPs)
             Began as a Mountain Dwarf Fighter on Feb 15, 2024.
             Slain by a kobold brigand
             ... wielding a +1 whip of venom
              (4 damage)
             ... in a sewer.
             The game lasted 00:02:45 (1600 turns).

retardedninja the Covered (Mountain Dwarf Fighter)  Turns: 1600, Time: 00:02:45

Health: -3/40      AC: 10    Str: 20    XL:     4   Next: 61%
Magic:  4/4        EV:  7    Int:  9    God:
Gold:   110        SH:  4    Dex:  9    Spells: 3/3 levels left

rFire   . . .        a - +0 war axe
rCold   . . .        c - +0 buckler
rNeg    . . .        m - +1 chain mail {Will+}
rPois   .            (no helmet)
rElec   .            (no cloak)
rCorr   .            (no gloves)
SInv    .            (no boots)
Will    ++...        (no amulet) Stlth
                     (no ring)
HPRegen 0.26/turn    (no ring)
MPRegen 0.09/turn

%: no passive effects
@: mighty, lethally poisoned (-3 -> -25), enlightened, flying
A: runic magic, artefact enchanting
a: no special abilities


You were in a sewer.
You visited 1 branch of the dungeon, and saw 3 of its levels.
You also visited: Sewer.

You collected 110 gold pieces.

Inventory:

Hand Weapons
 a - a +0 war axe (weapon)
Armour
 c - a +0 buckler (worn)
 m - a +1 chain mail of willpower (worn)
Jewellery
 o - a +6 ring of strength
Scrolls
 b - a scroll of fog {unknown}
 h - 2 scrolls of identify {unknown}
 i - a scroll of teleportation {unknown}
 n - a scroll of noise {unknown}
Potions
 e - a potion of berserk rage {unknown}
 f - a potion of mutation {unknown}
 k - a potion of heal wounds {unknown}
 l - a potion of enlightenment
 p - a potion of lignification {unknown}


   Skills:
 + Level 4.1 Fighting
 + Level 3.6 Axes
 + Level 4.1 Armour
 + Level 4.1 Shields


You had 3 spell levels left.
You didn't know any spells.
Your spell library contained the following spells:

 Spells                   Type           Power      Damage    Failure   Level
 Tukima's Dance           Hex            0%         N/A       94%         3
 Passage of Golubria      Tloc           0%         N/A       100%        4
 Yara's Violent Unravell  Hex/Alch       0%         3d3       100%        5


Dungeon Overview and Level Annotations

Branches:
Dungeon (3/15)              Sewer (1/1)

Altars:


Innate Abilities, Weirdness & Mutations

Your spellcasting is much less encumbered by armour.
You can use scrolls of enchantment on lesser artefacts.


Message History

You block the kobold's attack.
You barely miss the kobold brigand. You barely miss the kobold.
You feel very sick.
The kobold brigand hits you but does no damage.
You are more poisoned.
The kobold barely misses you.
The kobold brigand splashes around in the water.
Unknown command.
You slash the kobold brigand!
The kobold brigand is heavily wounded.
You slash the kobold!
You kill the kobold!
You hear a splash.
You feel very sick.
The kobold brigand hits you but does no damage.
You are more poisoned.
You slash the kobold brigand!
The kobold brigand is almost dead.
You feel extremely sick. The kobold brigand closely misses you.
Unknown command.
You barely miss the kobold brigand.
The kobold brigand is almost dead.
You feel very sick.
The kobold brigand completely misses you.
The kobold brigand hits you with a +1 whip of venom.
You are lethally poisoned!
Unknown command.
You closely miss the kobold brigand.
The kobold brigand is almost dead.
* * * LOW HITPOINT WARNING * * *
You feel very sick.
The kobold brigand hits you with a +1 whip of venom.
* * * LOW HITPOINT WARNING * * *
You are more poisoned.
It was a potion of magic.
Magic courses through your body.
* * * LOW HITPOINT WARNING * * *
You feel very sick.
The kobold brigand hits you with a +1 whip of venom.
You die...

#####
#.#.#
#~#~#~
~#
#~#~#~
~#
#~#K#~#~
#.)@#~.~
##~###~#
#~# #~#
#~###~#
#~~..~#
##~..##
#.~.#
#~~~#
#.~.##
#.


You could see a kobold brigand.

Vanquished Creatures
  2 adders
  A dart slug (D:1)
  3 ball pythons
  5 endoplasms
  A giant cockroach (D:2)
  3 goblins
  2 hobgoblins (D:2)
  5 jackals
  2 quokkas
  9 bats
  2 frilled lizards (D:1)
  8 kobolds
  9 rats
52 creatures vanquished.

Notes
Turn   | Place    | Note
-------+----------+-------------------------------------------
     0 | D:1      | retardedninja the Mountain Dwarf Fighter began the quest
                  | for the Orb.
     0 | D:1      | Reached XP level 1. HP: 19/19 MP: 1/1
   192 | D:1      | Reached XP level 2. HP: 26/26 MP: 2/2
   386 | D:1      | Reached XP level 3. HP: 33/33 MP: 3/3
   869 | D:2      | Identified the +5 scale mail of Bedevilment {Rampage MP-9
                  | SInv Stlth+}
  1004 | D:2      | Reached XP level 4. HP: 40/40 MP: 4/4
  1551 | D:3      | Found a glowing drain.
  1563 | Sewer    | Entered a sewer
  1587 | Sewer    | Noticed a kobold brigand
  1600 | Sewer    | HP: 1/40 [poisoned by a kobold brigand]
  1600 | Sewer    | Slain by a kobold brigand

Illustrated notes

Levels and vault maps discovered:
D:1:      minmay_arrival_four_circles, layout_basic
D:2:      layout_rooms, eino_tiny_chamber, chequers_serial_rivers_small_b
D:3:      layout_basic, cheibrodos_sewer_entry_sluice
Sewer:    sewer_co_tree

Skill      XL: |  1  2  3  4 |
---------------+-------------+-----
Axes           | 3 |  3.6
Fighting       | 4 |  4.1
Armour         | 4 |  4.1
Shields        | 4 |  4.1

Action                     |  1- 3 |  4- 6 || total
---------------------------+-------+-------++-------
  Melee: War axe           |   104 |    47 ||   151
    Use: Potion            |       |     4 ||     4
 Armour: Scale mail        |    60 |       ||    60
         Chain mail        |    29 |    51 ||    80
  Dodge: Dodged            |    80 |    17 ||    97
  Block: Buckler           |    27 |    12 ||    39

Table legend: (Time is in decaauts)
 A = Elapsed time spent in this place.
 B = Non-inter-level travel time spent in this place.
 C = Inter-level travel time spent in this place.
 D = Time resting spent in this place.
 E = Time spent auto-exploring this place.
 F = Levels seen in this place.
 G = Mean time per level.
                   A        B        C        D        E       F      G
               +--------+--------+--------+--------+--------+-----+--------+
         Total |   1663 |   1609 |     54 |      0 |   1198 |   4 |  415.8 |
       Dungeon |   1618 |   1564 |     54 |      0 |   1172 |   3 |  539.3 |
         Sewer |     45 |     45 |      0 |      0 |     26 |   1 |   45.0 |
               +--------+--------+--------+--------+--------+-----+--------+

Top non-repeatable levels by time:
     D:1: 718 daAuts
     D:2: 635 daAuts
     D:3: 264 daAuts
   Sewer: 45 daAuts
